 Dungeon Crawl Stone Soup version 0.17-a0-1900-g45e8110 (webtiles) character file.

535 mcbry74 the Ruffian (level 7, -8/60 HPs)
             Began as a Red Draconian Chaos Knight on Sept 24, 2015.
             Mangled by a gnoll
             ... wielding a +0 halberd
              (9 damage)
             ... on level 5 of the Dungeon.
             The game lasted 00:42:08 (6956 turns).

mcbry74 the Ruffian (Red Draconian Chaos Knight)    Turns: 6956, Time: 00:42:08

Health: -8/60      AC:  6    Str: 14    XL:     7   Next: 4%
Magic:  7/7        EV: 12    Int:  9    God:    Xom [*.....]
Gold:   239        SH:  0    Dex:  8    Spells: 0 memorised, 6 levels left

rFire  + + .     SeeInvis .       - Unarmed
rCold  . . .     Clarity  .     (armour unavailable)
rNeg   . . .     SustAt   .     (no shield)
rPois  +         Gourm    .     (helmet restricted)
rElec  .         Spirit   .     (no cloak)
rCorr  .         Warding  .     (no gloves)
rMut   .         Stasis   .     (no boots)
MR     .....                    r - amulet of faith
Stlth  +.........               (no ring)
                                m - ring of poison resistance

@: drained, not resistant to hostile enchantments, very unstealthy
A: breathe fire, unfitting armour, stinger 1, clumsy 1, dopey 2, fire resistance
2, weak 1, cold-blooded, AC +6
a: Breathe Fire, Renounce Religion


You were on level 5 of the Dungeon.
You worshipped Xom.
You were a special plaything of Xom.
You were not hungry.

You visited 1 branch of the dungeon, and saw 5 of its levels.

You collected 239 gold pieces.

Inventory:

Jewellery
 e - an uncursed amulet of regeneration
 m - a ring of poison resistance (left hand)
 r - an amulet of faith (around neck)
Magical devices
 h - a wand of paralysis (11)
Scrolls
 b - a scroll of magic mapping
 c - 3 scrolls of teleportation
 f - 2 scrolls of identify
 j - a scroll of remove curse
Potions
 d - a potion of brilliance
 i - a potion of heal wounds
 l - 2 potions of haste
 n - a potion of curing
 o - a potion of lignification
Comestibles
 a - a bread ration
 g - a beef jerky
 k - 3 fruits
 q - a meat ration


   Skills:
 + Level 4.8(4.4) Fighting
 - Level 4.0(3.6) Dodging
 * Level 6.3(5.9) Unarmed Combat


You had 6 spell levels left.
You didn't know any spells.

Dungeon Overview and Level Annotations

Branches:
Dungeon (5/15)
 Temple: D:4-7

Altars:
Qazlal
Trog
Yredelemnul
Zin


Innate Abilities, Weirdness & Mutations

You can breathe blasts of fire.
Your fiery red scales are hard (AC +6).
Your body does not fit into most forms of armour.
Your flesh is very heat resistant.
You are cold-blooded and may be slowed by cold attacks.
Your tail ends in a poisonous barb.
You are clumsy. (Dex -2)
You are very dopey. (Int -4)
You are weak. (Str -2)


Message History

Something hits you.
You closely miss something. The gnoll completely misses you.
Something hits you.
You completely miss something.
The gnoll hits you from afar with a halberd.
Something hits you.
You closely miss something.
The gnoll hits you from afar with a halberd.
Something hits you. Something hits you. Something hits you.
Something hits you but does no damage.
The gnoll hits you from afar with a halberd!
* * * LOW HITPOINT WARNING * * *
You closely miss something. Something hits you!
* * * LOW HITPOINT WARNING * * *
Xom roars with laughter!
You closely miss something.
The gnoll hits you from afar with a halberd!
You die...

############
#......g§§§#
#.########g#
#.#......#§#
#.#.####.#@#
#g#.####.#.#
#.#<#....#.#
#g#.#.####.#
#.#........#
#.##########


You could see a gnoll.

Vanquished Creatures
  An ogre (D:4)
  The ghost of Alipheese the Chopper, a weakling NaBe of Trog (D:4)
  An orc priest (D:3)
  An orc wizard (D:4)
  2 hounds (D:4)
  A worker ant (D:4)
  An iguana (D:3)
  2 hound skeletons (D:4)
  A worker ant zombie (D:4)
  4 adders
  2 gnolls
  5 oozes
  A worm (D:4)
  2 giant geckos
  15 orcs
  10 goblins
  8 hobgoblins
  6 jackals (D:3)
  A quokka (D:3)
  7 bats
  3 giant cockroaches
  6 giant newts
  11 kobolds
  11 rats
103 creatures vanquished.

Vanquished Creatures (collateral kills)
  A worker ant (D:4)
  A giant cockroach (D:4)
2 creatures vanquished.

Vanquished Creatures (others)
  Natasha (D:4)
  An adder (D:4)
  2 plants (D:4)
4 creatures vanquished.

Grand Total: 109 creatures vanquished

Notes
Turn   | Place    | Note
--------------------------------------------------------------
     0 | D:1      | mcbry74 the Draconian Chaos Knight began the quest for the Orb.
     0 | D:1      | Reached XP level 1. HP: 19/19 MP: 1/1
   159 | D:1      | XOM: divination: detect items
   171 | D:1      | Reached XP level 2. HP: 25/27 MP: 2/2
   538 | D:1      | Reached XP level 3. HP: 31/33 MP: 3/3
   722 | D:1      | XOM: medium Hex miscast
   785 | D:1      | XOM: colour smoke trail
   820 | D:1      | XOM: cast spell 'Beastly Appendage'
  1252 | D:2      | Found a bloodstained altar of Trog.
  1254 | D:2      | Found a stormy altar of Qazlal.
  1341 | D:2      | XOM: harmless Fire miscast
  1606 | D:2      | XOM: silly message
  1659 | D:2      | XOM: divination: detect creatures
  1871 | D:3      | Reached XP level 4. HP: 35/40 MP: 4/4
  1944 | D:3      | XOM: mild Air miscast
  2084 | D:3      | XOM is BORED!
  2084 | D:3      | Found a glowing silver altar of Zin.
  2084 | D:3      | XOM: 4-stop teleportation journey
  2106 | D:3      | Reached skill level 4 in Unarmed Combat
  2382 | D:3      | HP: 1/40 [orc/club (6)]
  2684 | D:2      | XOM: colour smoke trail
  2706 | D:3      | XOM: butterfly on damage
  2814 | D:3      | XOM: enchant monster (bad)
  2819 | D:3      | XOM: enchant monster (good)
  2831 | D:3      | Reached XP level 5. HP: 25/46 MP: 5/5
  3112 | D:3      | XOM: divination: detect items
  3303 | D:3      | XOM: harmless Hex miscast
  4075 | D:4      | XOM: harmless Summ miscast
  4254 | D:4      | XOM: mild Pois miscast
  4265 | D:4      | XOM: 7-stop teleportation journey
  4554 | D:4      | XOM: summons 2 hostile demons
  4617 | D:4      | XOM: medium Air miscast
  4619 | D:4      | XOM: give mutations
  4619 | D:4      | Gained mutation: You are clumsy. (Dex -2) [Xom's mischief]
  4619 | D:4      | Gained mutation: Your tail ends in a poisonous barb. [Xom's mischief]
  4619 | D:4      | Gained mutation: You are dopey. (Int -2) [Xom's mischief]
  4619 | D:4      | Gained mutation: You are very dopey. (Int -4) [Xom's mischief]
  4623 | D:4      | Reached skill level 5 in Unarmed Combat
  4767 | D:4      | Reached XP level 6. HP: 18/52 MP: 6/6
  4796 | D:4      | HP: 2/52 [poisoned by a worker ant]
  4804 | D:4      | HP: 2/52 [poisoned by a worker ant]
  4831 | D:4      | XOM: 5-stop teleportation journey
  4834 | D:4      | Noticed Alipheese's ghost (weakling NaBe)
  4852 | D:4      | XOM: give mutations
  4852 | D:4      | Gained mutation: Your flesh is heat resistant. [Xom's mischief]
  4852 | D:4      | Gained mutation: You are weak. (Str -2) [Xom's mischief]
  4881 | D:4      | XOM: summons 4 hostile shadow creatures
  4885 | D:4      | XOM: enchant monster (bad)
  4890 | D:4      | Found a basalt altar of Yredelemnul.
  5573 | D:4      | XOM: summons 3 hostile demons
  5574 | D:4      | Noticed a chaos spawn
  5574 | D:4      | Noticed a hellwing
  5589 | D:4      | XOM: harmless Erth miscast
  5590 | D:4      | XOM: draining
  5596 | D:4      | XOM: summons 6 friendly demons
  5600 | D:4      | Killed a chaos spawn
  5966 | D:4      | XOM: silly message
  6322 | D:4      | Noticed Natasha
  6324 | D:4      | XOM: silly message
  6332 | D:4      | Killed Natasha
  6332 | D:4      | XOM: destruction
  6337 | D:4      | Noticed an ogre
  6337 | D:4      | Killed Alipheese's ghost
  6345 | D:4      | XOM: noise
  6351 | D:4      | XOM: noise
  6359 | D:4      | XOM: mild Divn miscast
  6371 | D:4      | Killed an ogre
  6371 | D:4      | Reached skill level 6 in Unarmed Combat
  6371 | D:4      | Your scales start taking on a fiery red colour.
  6371 | D:4      | Gained mutation: Your flesh is very heat resistant. [Red Draconian growth]
  6371 | D:4      | Reached XP level 7. HP: 13/60 MP: 7/7
  6893 | D:5      | Entered Level 5 of the Dungeon
  6941 | D:5      | XOM: smoke on damage
  6944 | D:5      | XOM: enchant monster (bad)
  6955 | D:5      | HP: 1/60 [something (8)]
  6956 | D:5      | Mangled by a gnoll

Vault maps used:
D:1:      sevenhm_arrival_forest_fort_small_3
D:2:      grunt_temple_overflow_open, first_bread
D:3:      nicolae_overflow_hidden_temple
D:4:      corexii_shack_village, lemuel_crystal_altar, uniq_natasha
D:5:      old_forge, kiku_gazebo_pond_becter, kennysheep_mini,
          evilmike_ruin_ashenzari, minmay_temple_entry_trees

Action                   |  1- 3 |  4- 6 |  7- 9 || total
-------------------------+-------+-------+-------++-------
Melee: Unarmed           |   186 |   402 |    19 ||   607
Evoke: Wand              |       |     1 |       ||     1
  Use: Potion            |       |     8 |     1 ||     9
       Scroll            |       |     8 |       ||     8
 Stab: Sleeping          |       |     1 |       ||     1
  Eat: Chunk             |     3 |    10 |       ||    13
       Meat ration       |       |     1 |       ||     1
       Bread ration      |       |       |     1 ||     1
